 Dungeon Crawl Stone Soup version 0.24.0-37-gcf1ca852f1 (webtiles) character file.

Game seed: 14950543924508663163, levelgen mode: deterministic

13377 Delarado the Grappler (level 12, 0/87 HPs)
             Began as an Octopode Fighter on Dec 6, 2019.
             Was an Elder of Cheibriados.
             Engulfed by a cloud of freezing vapour (22 damage)
             ... in an ice cave.
             The game lasted 00:44:15 (11739 turns).

Delarado the Grappler (Octopode Fighter)           Turns: 11739, Time: 00:44:15

Health: 0/87       AC:  1    Str: 30    XL:     12   Next: 5%
Magic:  17/17      EV: 20    Int: 28    God:    Cheibriados [****..]
Gold:   729        SH: 17    Dex: 20    Spells: 11/11 levels left

rFire    . . .     SeeInvis .     - Unarmed
rCold    . . .     Gourm    .   a - +5 shield
rNeg     . . .     Faith    .   (helmet restricted)
rPois    .         Spirit   .   o - amulet of regeneration
rElec    .         Reflect  .   e - +5 ring of intelligence
rCorr    .         Harm     .   j - +4 ring of intelligence
MR       .....                  E - ring of flight
Stlth    +++.......             (no ring)
HPRegen  0.64/turn              (no ring)
MPRegen  0.15/turn              (no ring)
                                (no ring)
                                (no ring)

@: very slow
A: almost no armour, stealthy swim, amphibious, 8 rings, constrict 8, camouflage
1, gelatinous body 1
a: Bend Time, Temporal Distortion, Slouch, Renounce Religion, Evoke Flight


You were in an ice cave.
You worshipped Cheibriados.
Cheibriados was greatly pleased with you.
You were not hungry.

You visited 2 branches of the dungeon, and saw 12 of its levels.
You also visited: Sewer and Ice Cave.

You collected 729 gold pieces.

Inventory:

Missiles
 b - 33 poisoned darts (quivered)
 f - 373 stones
Armour
 a - a +5 shield (worn)
Jewellery
 e - a +5 ring of intelligence (left tentacle)
 j - a +4 ring of intelligence (right tentacle)
 o - an amulet of regeneration (around mantle)
 t - an uncursed amulet of magic regeneration {unknown}
 u - an uncursed ring of teleportation
 E - a ring of flight (on tentacle)
Wands
 x - a wand of enslavement (12)
 y - a wand of digging (3)
 A - a wand of paralysis (8)
 B - a wand of polymorph (16)
 D - a wand of iceblast (3)
 F - a wand of scattershot (3)
Scrolls
 g - 4 scrolls of teleportation
 l - a scroll of blinking
 m - 2 scrolls of immolation
 p - a scroll of vulnerability
 q - 6 scrolls of remove curse
 r - 2 scrolls of magic mapping
 s - a scroll of fear
 w - 3 scrolls of amnesia
 C - 2 scrolls of enchant armour
Potions
 d - 4 potions of flight
 h - 5 potions of curing
 i - 4 potions of lignification
 k - a potion of mutation
 n - 2 potions of heal wounds
 v - 3 potions of berserk rage
 z - a potion of magic
 G - a potion of agility {unknown}
Miscellaneous
 H - a fan of gales
Comestibles
 c - 17 rations
 I - 7 chunks of flesh


   Skills:
 - Level 10.0 Fighting
 - Level 10.0 Dodging
 + Level 7.2 Shields
 - Level 10.0 Unarmed Combat
 - Level 7.3 Invocations


You had 11 spell levels left.
You didn't know any spells.
Your spell library contained the following spells:

 Spells                   Type           Power        Failure   Level  Hunger
 Infusion                 Chrm           #...         30%         1    ##.....
 Sting                    Conj/Pois      #...         30%         1    ##.....
 Poisonous Vapours        Pois/Air       #.....       41%         2    ###....
 Shroud of Golubria       Chrm/Tloc      #.....       41%         2    ###....
 Song of Slaying          Chrm           #.......     41%         2    ###....
 Mephitic Cloud           Conj/Pois/Air  #.......     65%         3    ####...
 Regeneration             Chrm/Necr      #.........   65%         3    ####...
 Spectral Weapon          Hex/Chrm       #.......     65%         3    ####...
 Olgreb's Toxic Radiance  Pois           #.......     96%         4    #####..
 Venom Bolt               Conj/Pois      #.........   100%        5    ######.


Dungeon Overview and Level Annotations

Branches:
Dungeon (10/15)            Temple (0/1) D:7            Lair (2/6) D:10
    Orc (0/2) D:9           Sewer (visited)           IceCv (1/1)
  Swamp: Lair:2-4    Shoals: Lair:2-4     Snake: Lair:2-4    Spider: Lair:2-4

Altars:
Cheibriados
Elyvilon
Fedhas
Hepliaklqana
Kikubaaqudgha
Nemelex Xobeh
Qazlal
Ru
Sif Muna
Trog
Vehumet
Xom
Zin
Beogh

Annotations:
D:5 1 runed translucent door, diiiiiane's ghost, novice OpAs
D:8 3 runed translucent doors
Lair:1 1 exclusion


Innate Abilities, Weirdness & Mutations

You cannot wear most types of armour.
You are very stealthy in the water. (Stealth+)
You are amphibious.
You can wear up to eight rings at the same time.
You can use your tentacles to constrict eight enemies at once.
Your skin changes colour to match your surroundings (Stealth+).
Your rubbery body absorbs attacks. (AC +1, EV +1)


Message History

The wolf bites you! The wolf barely misses you.
You miss the wolf. You grab the wolf. You constrict the wolf.
You block the wolf's attack.
You bludgeon the wolf! You squeeze the wolf.
You kill the wolf!
Cheibriados thoroughly appreciates the change of pace.
No target in view!
You start resting.
HP restored.
Found a scroll of remove curse.
q - 6 scrolls of remove curse (gained 1)
b - 33 poisoned darts (gained 1)
Found a box of beasts.
You are engulfed in freezing vapours.
Ouch! That really hurt!
You are engulfed in freezing vapours.
* * * LOW HITPOINT WARNING * * *
You start resting.
You are engulfed in freezing vapours.
You die...

##### # ###...# .
## ##...÷.. .#}#
##...##.. ###☼#
###...##...
#@☼☼####...####..#
##☼○☼##...####...#
##○§○##..# #....#
#°☼###..####..∩#
#..####..##∩..##
##..##....#####
##..°.#.##
########


There were no monsters in sight!

Vanquished Creatures
  A hydra (Lair:2)
  A two-headed ogre (D:8)
  A tengu warrior (D:10)
  Pikel (D:4)
  2 spiny frogs (Lair:1)
  2 komodo dragons (Lair:1)
  A tengu conjurer (D:10)
  4 blink frogs
  2 hippogriffs
  Sigmund (D:6)
  A spriggan (D:7)
  8 yaks
  A wyvern (D:8)
  Eustachio (D:5)
  A basilisk (Lair:1)
  A hungry ghost (D:10)
  Duvessa (D:6)
  4 water moccasins
  A sky beast (D:8)
  2 porcupines (Lair:1)
  3 orc warriors
  11 ice beasts
  A necrophage (D:10)
  2 ogres
  4 wolves (IceCv)
  4 centaurs
  3 crocodiles
  Blork the orc (D:6)
  A big kobold (D:9)
  8 bullfrogs
  A gnoll sergeant (D:7)
  A wyvern zombie (D:9)
  A scorpion (D:6)
  Dowan (D:6)
  4 killer bees
  4 wights (D:10)
  6 howler monkeys
  5 crimson imps
  2 centaur zombies
  A quasit (D:10)
  5 orc priests
  2 jellies
  6 hounds
  8 orc wizards
  A bullfrog skeleton (D:8)
  An iguana (D:6)
  Natasha (twice) (D:3)
  6 worker ants
  A hound zombie (D:6)
  7 gnolls
  15 adders
  2 shadow imps
  16 oozes (Sewer)
  2 adder zombies (D:6)
  An adder skeleton (D:10)
  3 worms
  11 dart slugs
  16 leopard geckos
  21 orcs
  7 ball pythons
  14 giant cockroaches
  13 goblins
  3 hobgoblins
  10 jackals
  4 quokkas
  4 bats
  20 frilled lizards
  9 kobolds
  A quokka skeleton (D:5)
  8 rats
320 creatures vanquished.

Vanquished Creatures (others)
  An orc warrior (D:9)
  An orc wizard (D:7)
  A worker ant (D:9)
  2 adders (D:9)
  A shadow imp (D:9)
  An orc (D:9)
7 creatures vanquished.

Grand Total: 327 creatures vanquished

Notes
Turn   | Place    | Note
-------+----------+-------------------------------------------
     0 | D:1      | Delarado the Octopode Fighter began the quest for the Orb.
     0 | D:1      | Reached XP level 1. HP: 16/16 MP: 1/1
   120 | D:1      | Reached XP level 2. HP: 15/21 MP: 2/2
   901 | D:2      | Reached XP level 3. HP: 26/26 MP: 3/3
  1048 | D:2      | Found a radiant altar of Vehumet.
  1087 | D:2      | Reached XP level 4. HP: 12/31 MP: 4/4
  2026 | D:3      | Reached skill level 5 in Unarmed Combat
  2040 | D:3      | Reached XP level 5. HP: 36/36 MP: 5/5
  2137 | D:3      | Noticed a centaur
  2255 | D:3      | Killed a centaur
  2470 | D:3      | Noticed Natasha
  2478 | D:3      | Killed Natasha
  2478 | D:3      | Reached XP level 6. HP: 29/42 MP: 6/6
  2733 | D:3      | Noticed Natasha
  2751 | D:3      | Killed Natasha
  3320 | D:4      | Noticed Pikel
  3320 | D:4      | Noticed a slave
  3320 | D:4      | Noticed a slave
  3336 | D:4      | Killed Pikel
  3336 | D:4      | Reached XP level 7. HP: 42/46 MP: 7/7
  3369 | D:4      | Found a bloodstained altar of Trog.
  3481 | D:4      | Found a stormy altar of Qazlal.
  3482 | D:4      | Found a blossoming altar of Fedhas.
  3938 | D:5      | Entered Level 5 of the Dungeon
  4007 | D:5      | Found an ancient bone altar of Kikubaaqudgha.
  4024 | D:5      | Reached XP level 8. HP: 44/52 MP: 8/8
  4072 | D:5      | Found a white marble altar of Elyvilon.
  4289 | D:5      | Found a runed translucent door.
  4290 | D:5      | Noticed diiiiiane's ghost (novice OpAs)
  4436 | D:5      | Noticed Eustachio
  4445 | D:5      | Killed Eustachio
  4559 | D:5      | Reached skill level 10 in Unarmed Combat
  4720 | D:6      | Found a glowing drain.
  4950 | Sewer    | Entered a sewer
  5537 | Sewer    | Reached XP level 9. HP: 59/59 MP: 9/9
  5841 | D:6      | Noticed Sigmund
  5843 | D:6      | Reached skill level 5 in Fighting
  5843 | D:6      | Reached skill level 5 in Dodging
  5859 | D:6      | Killed Sigmund
  5888 | D:6      | Noticed Dowan
  5897 | D:6      | Killed Dowan
  5897 | D:6      | Noticed Duvessa
  5906 | D:6      | Killed Duvessa
  6016 | D:6      | Found a snail-covered altar of Cheibriados.
  6019 | D:6      | Became a worshipper of Cheibriados the Contemplative
  6142 | D:6      | Noticed Blork the orc
  6150 | D:6      | Killed Blork the orc
  6188 | D:6      | Found a glowing silver altar of Zin.
  6604 | D:7      | Found a staircase to the Ecumenical Temple.
  6813 | D:7      | Reached * piety under Cheibriados
  7158 | D:7      | Found a sacrificial altar of Ru.
  7507 | D:8      | Noticed a two-headed ogre
  7518 | D:8      | Killed a two-headed ogre
  7518 | D:8      | Reached XP level 10. HP: 61/72 MP: 10/10
  7566 | D:8      | Found a shimmering blue altar of Sif Muna.
  8121 | D:8      | Found a runed translucent gate.
  8122 | D:8      | Found a runed translucent gate.
  8122 | D:8      | Noticed a cyan ugly thing
  8123 | D:8      | Found a runed translucent gate.
  8125 | D:8      | Noticed a white ugly thing
  8125 | D:8      | Noticed a brown ugly thing
  8125 | D:8      | Noticed a green ugly thing
  8125 | D:8      | Noticed a green ugly thing
  8311 | D:9      | Reached ** piety under Cheibriados
  8938 | D:9      | Found a shimmering altar of Xom.
  9041 | D:9      | Reached *** piety under Cheibriados
  9099 | D:9      | Reached skill level 1 in Invocations
  9181 | D:9      | Found a staircase to the Orcish Mines.
  9232 | D:9      | Found a roughly hewn altar of Beogh.
  9276 | D:9      | Found a hazy altar of Hepliaklqana.
  9282 | D:9      | Found a sparkling altar of Nemelex Xobeh.
  9523 | D:10     | Entered Level 10 of the Dungeon
  9535 | D:10     | Reached XP level 11. HP: 53/81 MP: 12/12
  9686 | D:10     | Found a staircase to the Lair.
  9962 | D:10     | Noticed a tengu warrior
  9973 | D:10     | Killed a tengu warrior
  9973 | D:10     | Reached skill level 10 in Fighting
  9973 | D:10     | Reached skill level 10 in Dodging
 10315 | Lair:1   | Entered Level 1 of the Lair of Beasts
 10366 | Lair:1   | Reached **** piety under Cheibriados
 10433 | Lair:1   | Reached skill level 5 in Invocations
 11481 | Lair:2   | Noticed a four-headed hydra
 11493 | Lair:2   | Killed a four-headed hydra
 11493 | Lair:2   | Reached skill level 5 in Shields
 11641 | Lair:2   | Found a frozen archway.
 11651 | Lair:2   | Reached XP level 12. HP: 73/87 MP: 11/17
 11664 | IceCv    | Entered an ice cave
 11739 | IceCv    | Engulfed by a cloud of freezing vapour

Levels and vault maps discovered:
D:1:      dpeg_arrival_erosion, layout_loops_ring
D:2:      layout_rooms, fiery_altar_vehumet, chequers_garden,
          kennysheep_generic_room_16
D:3:      kennysheep_slugbush, layout_basic, first_ration, uniq_natasha
D:4:      layout_loops_ring, grunt_temple_overflow_forces_of_nature,
          lightli_temple_of_fire, uniq_pikel
D:5:      layout_loops_ring, elyvilon_altar_3, kiku_gazebo_garden_becter,
          ebering_ghost_sewer_d, uniq_eustachio
D:6:      layout_loops_cross, kennysheep_mini_moat,
          nicolae_overflow_crystal_walls, portal_sewer_entry_a,
          uniq_blork_the_orc, uniq_sigmund, uniq_duvessa
D:7:      layout_rooms, temple_statues, basic_altar, the_bakery
D:8:      layout_basic, lemuel_round_altar,
          ploomutoo_gammafunk_ghost_potion_laboratory
D:9:      layout_big_octagon, nicolae_overflow_hidden_temple,
          minmay_orc_entry_temple_small, st_stairs_4, xom_confusion_cloud
D:10:     lemuel_upstairs_altar, layout_basic, lair_entry_dummy
Lair:1:   layout_gridlike, minivault_24, lemuel_fruit_tree,
          infiniplex_staircase_pool, grunt_megastairs_3
Lair:2:   layout_cave_shapes, portal_ice_cave_entry_ice_beasts,
          minmay_lair_oklob_items
IceCv:    ice_cave_caverns_03

Skill      XL: |  1  2  3  4  5  6  7  8  9 10 11 12 |
---------------+-------------------------------------+-----
Unarmed Combat | 3 4 5 6 8 9 10 | 10.0
Fighting       | 4 8 9 10 | 10.0
Dodging        | 4 8 9 10 | 10.0
Invocations    | 1 7 |  7.3
Shields        | 6 7 |  7.2

Action                   |  1- 3 |  4- 6 |  7- 9 | 10-12 || total
-------------------------+-------+-------+-------+-------++-------
Melee: Unarmed           |    82 |    88 |   264 |   290 ||   724
       Constrict         |    28 |    28 |    49 |    49 ||   154
       Tentacles         |     9 |    18 |    64 |   102 ||   193
       Punch             |     2 |     5 |    18 |    36 ||    61
Throw: Stone             |    14 |     7 |     4 |       ||    25
       Boomerang         |       |     4 |    45 |       ||    49
       Dart              |       |       |   127 |   100 ||   227
Invok: Slouch            |       |       |       |     1 ||     1
Evoke: Wand              |       |       |       |     2 ||     2
  Use: Scroll            |       |     8 |     9 |     8 ||    25
       Potion            |       |     2 |     3 |       ||     5
 Stab: Sleeping          |     5 |     8 |     5 |     7 ||    25
       Distracted        |     1 |       |       |       ||     1
  Eat: Chunk             |     1 |     6 |    13 |     8 ||    28
Armor: Skin              |     9 |     2 |     4 |     1 ||    16
Dodge: Dodged            |    24 |    17 |    61 |    91 ||   193
Block: Shield            |    18 |    35 |   105 |   166 ||   324
